 Dungeon Sprint DCSS version 0.30.1-9-gdf580d7c3d (webtiles) character file.

Game seed: 5384882254375480884

1920 Heoruswealwe the Impaler (level 8, -8/85 HPs)
             Began as a Minotaur Fighter on Sept 25, 2023.
             Was an Initiate of Gozag.
             Mangled by a centaur warrior (11 damage)
             ... in the Dungeon (Sprint IX: "|||||||||||||||||||||||||||||").
             The game lasted 00:03:10 (277 turns).

Heoruswealwe the Impaler (Minotaur Fighter)          Turns: 277, Time: 00:03:11

Health: -8/85      AC: 17    Str: 22    XL:     8   Next: 95%
Magic:  7/7        EV: 10    Int:  5    God:    Gozag
Gold:   495        SH:  0    Dex: 11    Spells: 7/7 levels left

rFire   . . .        b - +2 halberd (protect)
rCold   . . .        (shield currently unavailable)
rNeg    . . .        c - +0 scale mail
rPois   .            (helmet restricted)
rElec   .            h - +0 cloak
rCorr   .            (no gloves)
SInv    .            (no boots)
Will    .....        (no amulet) Stlth
                     (no ring)
HPRegen 0.34/turn    (no ring)
MPRegen 0.10/turn

%: no teleportation
@: under a protective aura
A: horns 2, retaliatory headbutt
a: Renounce Religion, Potion Petition, Call Merchant, Bribe Branch


You were in the Dungeon.
You worshipped Gozag.
Gozag was aware of your devotion.
You visited 1 branch You collected 495 gold pieces.

Inventory:

Hand Weapons
 a - a +0 trident
 b - a +2 halberd of protection (weapon)
Armour
 c - a +0 scale mail (worn)
 d - a +0 buckler
 h - a +0 cloak (worn)
Wands
 k - a wand of roots (10)
Scrolls
 j - 2 scrolls of blinking
Potions
 e - 5 potions of curing
 f - a potion of invisibility
 g - a potion of haste
 i - a potion of berserk rage
 l - a potion of might
 m - 2 potions of heal wounds


   Skills:
 + Level 12.5 Fighting
 * Level 16.8 Polearms
 + Level 12.5 Armour
 - Level 3.6 Shields


You had 7 spell levels left.
You didn't know any spells.
Your spell library was empty.

Dungeon Overview and Level Annotations

Branches:
Dungeon (1/1)

Altars:
Cheibriados
Dithmenos
Elyvilon
Fedhas
Gozag
Hepliaklqana
Kikubaaqudgha
Makhleb
Nemelex Xobeh
Okawaru
Qazlal
Ru
Sif Muna
Trog
Uskayaw
Vehumet
Wu Jian
Xom
Yredelemnul
Zin
The Shining One
Jiyva
Lugonu


Innate Abilities, Weirdness & Mutations

You have a pair of horns on your head.
You reflexively headbutt those who attack you in melee.


Message History

Your headbutt misses the deep elf pyromancer.
The deep elf pyromancer is moderately wounded.
The deep elf pyromancer hits you but does no damage.
You miss the deep elf pyromancer.
The deep elf pyromancer is moderately wounded.
The deep elf pyromancer gestures wildly while chanting.
You slash the deep elf pyromancer!
Your headbutt misses the deep elf pyromancer.
The deep elf pyromancer is heavily wounded.
The deep elf pyromancer hits you but does no damage.
You slash the deep elf pyromancer!
Your headbutt misses the deep elf pyromancer.
The deep elf pyromancer is almost dead.
The orc wizard is no longer distracted by gold.
The fire elemental misses you.
You slash the deep elf pyromancer!
You kill the deep elf pyromancer!
The fire elemental disappears in a puff of smoke!
The orc wizard gestures wildly while chanting.
The orc wizard flickers and vanishes!
Deactivating autopickup; reactivate with Ctrl-A.
The centaur warrior wields a +0 shortbow.
The centaur warrior shoots an arrow.
The arrow hits you.
* * * LOW HITPOINT WARNING * * *
The centaur warrior unwields a +0 shortbow.
The centaur warrior hits you but does no damage.
The centaur warrior closely misses you.
There is an open door, spattered with blood here.
Items here: $ )) [.
You barely miss the centaur warrior. The centaur warrior closely misses you.
The centaur warrior kicks you but does no damage.
You slash the centaur warrior! You headbutt the centaur warrior!
The centaur warrior is heavily wounded.
The centaur warrior hits you but does no damage.
The centaur warrior kicks you but does no damage.
You barely miss the centaur warrior.
The centaur warrior is heavily wounded.
The centaur warrior hits you!
You die...
Your body crumbles into a pile of gold.

▓+▓
▓.▓
▓.▓
▓h▓
▓{▓
▓J▓
▓c▓
▓@▓
$
▓.▓
$
▓.▓
$ $
▓.▓
$
▓.▓
$
▓.▓
▓.▓
$
▓'▓
$
▓=▓


You could see a slime creature, a centaur warrior and a howler monkey.

Vanquished Creatures
  A deep elf pyromancer (D)
  A gargoyle (D)
  An unseen horror (D)
  2 yaks (D)
  A shadow (D)
  A wraith (D)
  A vampire mosquito (D)
  2 ogres (D)
  A phantom (D)
  An iguana (D)
  An adder (D)
  A goblin (D)
  A kobold (D)
  2 ball pythons (D)
  A rat (D)
18 creatures vanquished.

Notes
Turn   | Place    | Note
-------+----------+-------------------------------------------
     0 | D        | Heoruswealwe the Minotaur Fighter began the quest for the
                  | Orb.
     0 | D        | Reached XP level 1. HP: 19/19 MP: 0/0
    12 | D        | Reached skill level 3 in Polearms
    25 | D        | Noticed an iguana
    25 | D        | Noticed an ogre
    25 | D        | Noticed an ogre
    25 | D        | Noticed a phantom
    28 | D        | Killed a phantom
    29 | D        | Reached skill level 7 in Polearms
    29 | D        | Reached XP level 2. HP: 30/30 MP: 1/1
    29 | D        | Reached XP level 3. HP: 37/37 MP: 2/2
    29 | D        | Reached XP level 4. HP: 44/44 MP: 3/3
    34 | D        | Killed an ogre
    35 | D        | Reached skill level 9 in Polearms
    35 | D        | Reached XP level 5. HP: 30/52 MP: 4/4
    44 | D        | Killed an ogre
    45 | D        | Reached skill level 10 in Polearms
    45 | D        | Reached XP level 6. HP: 21/61 MP: 5/5
    49 | D        | Reached skill level 11 in Polearms
    55 | D        | Found a snail-covered altar of Cheibriados.
    55 | D        | Found a shadowy altar of Dithmenos.
    55 | D        | Found a white marble altar of Elyvilon.
    55 | D        | Found a blossoming altar of Fedhas.
    55 | D        | Found an opulent altar of Gozag.
    56 | D        | Found a hazy altar of Hepliaklqana.
    57 | D        | Found a viscous altar of Jiyva.
    58 | D        | Found an ancient bone altar of Kikubaaqudgha.
    59 | D        | Found a corrupted altar of Lugonu.
    60 | D        | Found a burning altar of Makhleb.
    61 | D        | Found a sparkling altar of Nemelex Xobeh.
    62 | D        | Found an iron altar of Okawaru.
    63 | D        | Became a worshipper of Gozag Ym Sagoz the Greedy
    64 | D        | Found a stormy altar of Qazlal.
    65 | D        | Found a sacrificial altar of Ru.
    66 | D        | Found a shimmering blue altar of Sif Muna.
    67 | D        | Found a bloodstained altar of Trog.
    68 | D        | Found a hide-covered altar of Uskayaw.
    69 | D        | Found a radiant altar of Vehumet.
    70 | D        | Found an ornate altar of the Wu Jian Council.
    71 | D        | Found a shimmering altar of Xom.
    72 | D        | Found a basalt altar of Yredelemnul.
    73 | D        | Found a glowing silver altar of Zin.
    74 | D        | Found a glowing golden altar of the Shining One.
   214 | D        | Noticed a yak
   214 | D        | Noticed a wraith
   214 | D        | Noticed a shadow
   214 | D        | Noticed a vampire mosquito
   214 | D        | Noticed a yak
   219 | D        | Killed a yak
   220 | D        | Reached skill level 12 in Polearms
   222 | D        | Killed a vampire mosquito
   223 | D        | Reached skill level 13 in Polearms
   223 | D        | Reached XP level 7. HP: 54/71 MP: 6/6
   231 | D        | Killed an unseen horror
   232 | D        | Reached skill level 10 in Fighting
   232 | D        | Reached skill level 14 in Polearms
   232 | D        | Reached skill level 10 in Armour
   234 | D        | Killed a shadow
   243 | D        | Killed a wraith
   244 | D        | Reached skill level 15 in Polearms
   244 | D        | Reached XP level 8. HP: 42/82 MP: 7/7
   258 | D        | Noticed a slime creature
   258 | D        | Noticed a centaur warrior
   258 | D        | Noticed a deep elf pyromancer
   258 | D        | Noticed a gargoyle
   261 | D        | Killed a gargoyle
   262 | D        | Reached skill level 16 in Polearms
   273 | D        | Killed a deep elf pyromancer
   273 | D        | HP: 2/83 [centaur warrior/arrow (4)]
   277 | D        | Mangled by a centaur warrior

Illustrated notes

Levels and vault maps discovered:
D:        linesprint [early_d, line_temple, items_1, d_10, items_2, lair_1,
          lair_end, items_3, orc_1, orc_end, items_4, d_15, swamp_1, shoals_1,
          snake_1, spider_1, d_20, vaults_1, items_5, swamp_end, shoals_end,
          snake_end, spider_end, vaults_end, d_27, items_6, zot_1, zot_end,
          crypt_end, forest_end, elf_end, slime_end, tomb_end, abyss_end,
          pan_hell_end]

Skill      XL: |  1  2  3  4  5  6  7  8 |
---------------+-------------------------+-----
Polearms       | 7 9 10 13 15 16 | 16.8
Fighting       | 6 7 8 9 11 12 | 12.5
Armour         | 6 7 8 9 11 12 | 12.5
Shields        | |  3.6

Action                     |  1- 3 |  4- 6 |  7- 9 || total
---------------------------+-------+-------+-------++-------
  Melee: Trident           |    14 |    19 |       ||    33
         Headbutt          |     2 |     8 |     6 ||    16
         Halberd           |       |     8 |    40 ||    48
    Use: Potion            |       |     1 |       ||     1
 Armour: Scale mail        |     2 |     5 |    20 ||    27
  Dodge: Dodged            |     5 |     6 |     8 ||    19
  Block: Buckler           |     2 |     1 |       ||     3
